 Dungeon Crawl Stone Soup version 0.31-a0-232-gb1c03b2570 (webtiles) character file.

Game seed: 12354413893015682594

56 qw the Shooter (level 3, -1/29 HPs)
             Began as a Minotaur Hexslinger on July 6, 2023.
             Slain by a gnoll
             ... wielding a +0 flail
              (9 damage)
             ... on level 2 of the Dungeon.
             The game lasted 00:00:25 (771 turns).

qw the Shooter (Minotaur Hexslinger)                 Turns: 771, Time: 00:00:25

Health: -1/29      AC:  5    Str: 12    XL:     3   Next: 71%
Magic:  3/3        EV: 11    Int: 10    God:
Gold:   57         SH:  0    Dex: 14    Spells: 3/4 levels left

rFire   . . .        Y - +1 sling
rCold   . . .        (no shield)
rNeg    . . .        f - +0 ring mail
rPois   .            (helmet restricted)
rElec   .            (no cloak)
rCorr   .            (no gloves)
SInv    +            (no boots)
Will    .....        (no amulet)
Stlth   +            g - ring of see invisible
HPRegen 0.24/turn    (no ring)
MPRegen 0.08/turn

%: no passive effects
@: no status effects
A: horns 2, retaliatory headbutt
a: no special abilities


You were on level 2 of the Dungeon.
You visited 1 branch of the dungeon, and saw 2 of its levels.

You collected 57 gold pieces.


Innate Abilities, Weirdness & Mutations

You have a pair of horns on your head.
You reflexively headbutt those who attack you in melee.


   Skills:
 - Level 2.0 Fighting
 + Level 4.0 Ranged Weapons
 - Level 1.2 Armour
 - Level 2.1 Dodging
 - Level 1.0 Spellcasting
 - Level 2.0 Hexes


You had 3 spell levels left.
You knew the following spells:

 Your Spells              Type           Power      Damage    Failure   Level
a - Slow                  Hex            16%        N/A       34%         1

Your spell library contained the following spells:

 Spells                   Type           Power      Damage    Failure   Level
 Inner Flame              Hex/Fire       2%         N/A       83%         3
 Portal Projectile        Hex/Tloc       4%         N/A       83%         3
 Cause Fear               Hex            2%         N/A       98%         4

Inventory:

Hand Weapons
 Y - a +1 sling (weapon)
Armour
 f - a +0 ring mail (worn)
Jewellery
 a - a ring of positive energy
 g - a ring of see invisible (left hand)
Scrolls
 e - a scroll of identify
Potions
 h - a potion of enlightenment {unknown}

Dungeon Overview and Level Annotations

Branches:
Dungeon (2/15)

Altars:

Shops:
D:1 [


Message History

Enter note:
Enter note:
Enter note:
Enter note: You shoot a sling bullet.
The sling bullet hits the gnoll.
The gnoll is lightly wounded.
You shoot a sling bullet.
The sling bullet completely misses the gnoll.
The gnoll shouts!
You shoot a sling bullet. The sling bullet hits the gnoll.
The gnoll is heavily wounded.
The gnoll hits you from afar with a +0 spear.
A gnoll comes into view. It is wielding a +0 flail.
A goblin comes into view. It is wielding a +0 club.
You shoot a sling bullet. The goblin shouts!
The gnoll shouts!
The sling bullet hits the gnoll.
The gnoll is severely wounded.
You shoot a sling bullet. The sling bullet hits the gnoll.
You kill the gnoll!
The gnoll barely misses you.
Your Armour skill increases to level 1!
You shoot a sling bullet.
The sling bullet hits the gnoll but does no damage.
The gnoll is heavily wounded.
The gnoll barely misses you. x2
The gnoll hits you from afar with a +0 spear.
The gnoll barely misses you.
You shoot a sling bullet.
The sling bullet barely misses the gnoll.
The gnoll closely misses you.
The gnoll hits you from afar with a +0 spear.
You shoot a sling bullet. The sling bullet hits the gnoll.
The gnoll is lightly wounded.
The gnoll hits you but does no damage. The gnoll closely misses you.
The gnoll hits you from afar with a +0 spear!
You shoot a sling bullet. The sling bullet hits the gnoll.
The gnoll is moderately wounded.
The gnoll closely misses you. The gnoll hits you with a +0 flail!
You die...

## #.. #.#####
#.#...# ##.....# ..
##.....##
..###.......# ##.g
.........@)g#.....
..........gg......
......##...g#.....
....#.##....# ....
........#+#.# ..
........#.#.#
...#....#.#.# .
.....
........#.#.#####..
....
...................


You could see 3 gnolls and a goblin.

Vanquished Creatures
  A gnoll (D:2)
  An adder (D:2)
  A worm (D:2)
  3 bats (D:1)
  2 endoplasms
  A giant cockroach (D:1)
  2 goblins (D:1)
  2 hobgoblins (D:1)
  7 jackals
  4 kobolds (D:1)
  2 quokkas
  2 ball pythons (D:1)
  3 frilled lizards (D:1)
  A rat (D:1)
32 creatures vanquished.

Notes
Turn   | Place    | Note
-------+----------+-------------------------------------------
     0 | D:1      | qw the Minotaur Hexslinger began the quest for the Orb.
     0 | D:1      | Reached XP level 1. HP: 16/16 MP: 1/1
     0 | D:1      | 0 ||| qw: Version: 0.3-a-46-gb1f654a
     0 | D:1      | 0 ||| qw: Game counter: 2083
     0 | D:1      | 0 ||| qw: Melee chars always use a shield: true
     0 | D:1      | 0 ||| qw: God list: Okawaru
     0 | D:1      | 0 ||| qw: Allow faded altars: false
     0 | D:1      | 0 ||| qw: Do Orc after clearing Dungeon:15 true
     0 | D:1      | 0 ||| qw: Do second Lair branch before Depths: true
     0 | D:1      | 0 ||| qw: Lair rune preference: random
     0 | D:1      | 0 ||| qw: Goals: Normal
     0 | D:1      | 0 ||| PLANNING D:1-11
    79 | D:1      | Noticed an animated crystal plate armour
    82 | D:1      | Reached skill level 3 in Ranged Weapons
    82 | D:1      | Found Losaw's Armour Emporium.
    83 | D:1      | Noticed an animated crystal plate armour
    98 | D:1      | Reached XP level 2. HP: 23/23 MP: 2/2
   102 | D:1      | 102 ||| SHOPLISTING +1 cloak (126 gold, have 12).
   102 | D:1      | 102 ||| SHOPLISTING +1 leather armour of Pizoowkeapt
                  | {+Blink rF+ rN+} (354 gold, have 12).
   102 | D:1      | 102 ||| SHOPLISTING +1 leather armour of willpower (154
                  | gold, have 12).
   102 | D:1      | 102 ||| SHOPLISTING +2 robe of cold resistance (194 gold,
                  | have 12).
   252 | D:1      | You fall into a shaft and drop 1 floor!
   253 | D:2      | 253 ||| UPGRADING to +0 ring mail.
   263 | D:2      | 263 ||| DROPPING +0 robe.
   264 | D:2      | 264 ||| UPGRADING to ring of see invisible.
   265 | D:2      | 265 ||| READING scroll labelled PATEGAP VUURIK.
   266 | D:2      | 266 ||| READING 2 scrolls labelled TUJOFI MOISTY.
   267 | D:2      | 267 ||| DROPPING scroll of poison.
   573 | D:1      | 573 ||| READING scroll labelled RIXUAC ASHRU.
   574 | D:1      | 574 ||| READING 2 scrolls of identify.
   574 | D:1      | 574 ||| IDENTIFYING clear potion
   575 | D:1      | 575 ||| DROPPING potion of invisibility.
   627 | D:2      | 627 ||| STAIRDANCE
   666 | D:2      | Reached XP level 3. HP: 29/29 MP: 3/3
   743 | D:2      | Reached skill level 4 in Ranged Weapons
   762 | D:2      | 762 ||| Stepping ~*~*~tactically~*~*~ (outnumbered).
   768 | D:2      | Reached skill level 1 in Armour
   771 | D:2      | Slain by a gnoll

Levels and vault maps discovered:
D:1:      ncdulo_lavacross, layout_loops_cross, serial_shops,
          nicolae_shop_mannequins
D:2:      layout_basic, serial_shops, nicolae_shop_crystal, uniq_robin

Skill      XL: |  1  2  3 |
---------------+----------+-----
Ranged Weapons | 3 4 |  4.0
Fighting       | 2 |  2.0
Armour         | 1 |  1.2
Dodging        | |  2.1
Spellcasting   | |  1.0
Hexes          | |  2.0

Action                     || total
---------------------------++-------
   Fire: Sling             ||   105
    Use: Scroll            ||     4
 Armour: Robe              ||     2
         Ring mail         ||    21
  Dodge: Dodged            ||    39

Table legend:
 A = Non-vault XP
 B = Vault XP
 C = Vault XP percentage of total XP
 D = Non-vault monster count
 E = Vault monster count
 F = Vault count percentage of total count
                 A         B        C        D         E       F
            +---------+---------+-------+---------+---------+-------
      Total |      81 |       0 |   0.0 |      32 |       0 |   0.0
            +---------+---------+-------+---------+---------+-------
        D:1 |      35 |       0 |   0.0 |      22 |       0 |   0.0
        D:2 |      46 |       0 |   0.0 |      10 |       0 |   0.0
            +---------+---------+-------+---------+---------+-------
